 Dungeon Sprint DCSS version 0.26.0-57-g60708a5e39 (webtiles) character file.

Game seed: 15787425827857778893

5501 Groucho the Unseen (level 10, -1/55 HPs)
             Began as a Felid Fighter on Feb 2, 2021.
             Was a Priest of Uskayaw.
             Incinerated by a red very ugly thing (4 damage)
             ... in the Dungeon (Sprint IX: "|||||||||||||||||||||||||||||").
             The game lasted 00:05:55 (3512 turns).

Groucho the Unseen (Felid Fighter)                  Turns: 3512, Time: 00:05:56

Health: -1/55      AC:  2    Str: 15    XL:     10   Next: 42%
Magic:  20/20      EV: 33    Int: 14    God:    Uskayaw [***...]
Gold:   18         SH:  0    Dex: 18    Spells: 9/9 levels left
                                        Lives:  0   Deaths: 3

rFire    . . .     SeeInvis +     - Unarmed
rCold    . . .     Faith    .   (shield unavailable)
rNeg     . . .     Spirit   .   (armour unavailable)
rPois    .         Reflect  .   (helmet unavailable)
rElec    .         Harm     .   (cloak unavailable)
rCorr    .         Rampage  .   (gloves unavailable)
Will     +....     NoTele   +   (boots unavailable)
Stlth    +++.......             (no amulet)
HPRegen  0.18/turn              l - +3 ring of intelligence
MPRegen  0.17/turn              k - +3 ring of strength

@: liquid flames, glowing, quick
A: very small, no armour, no weapons or thrown items, stealth, claws 1, fangs 3,
see invisible, speed 1, shaggy fur 2, sharp paws
a: Renounce Religion, Stomp, Line Pass


You were in the Dungeon.
You worshipped Uskayaw.
Uskayaw was pleased with you.
You visited 1 branch You collected 18 gold pieces.

Inventory:

Jewellery
 k - a +3 ring of strength (right paw)
 l - a +3 ring of intelligence (left paw)
Wands
 j - a wand of acid (10)
 n - a wand of disintegration (5)
Scrolls
 g - 4 scrolls of blinking
 h - 3 scrolls of remove curse
 i - 2 scrolls of amnesia
 m - a scroll of fear
Potions
 a - 3 potions of might
 b - 5 potions of curing
 c - a potion of heal wounds
 d - a potion of haste
 e - 4 potions of magic
 f - a potion of brilliance


   Skills:
 + Level 13.6 Fighting
 + Level 17.1 Dodging
 + Level 18.4 Stealth
 + Level 13.9 Unarmed Combat
 + Level 12.9 Invocations


You had 9 spell levels left.
You didn't know any spells.
Your spell library was empty.

Dungeon Overview and Level Annotations

Branches:
Dungeon (1/1)

Altars:
Cheibriados
Dithmenos
Elyvilon
Fedhas
Gozag
Hepliaklqana
Kikubaaqudgha
Makhleb
Nemelex Xobeh
Okawaru
Qazlal
Ru
Sif Muna
Trog
Uskayaw
Vehumet
Wu Jian
Xom
Yredelemnul
Zin
The Shining One
Beogh
Jiyva
Lugonu


Innate Abilities, Weirdness & Mutations

You cannot wear armour.
You are incapable of wielding weapons or throwing items.
Your paws allow you to move quietly. (Stealth)
You have sharp claws.
You have razor-sharp teeth.
You have supernaturally acute eyesight. (SInv)
You cover ground quickly.
You are covered in thick fur. (AC +2)
Your sharp claws are effective at attacking unaware monsters.


Message History

The red very ugly thing kicks you!
* * * LOW HITPOINT WARNING * * *
You are covered in liquid flames.
You are covered in liquid flames!
The ogre mage mumbles some strange words.
The ogre mage seems to speed up.
Uskayaw will force your foes to helplessly watch your dance.
Uskayaw prepares the audience for your solo!
Unknown command.
You pounce on the unaware helpless red very ugly thing!
You eviscerate the red very ugly thing!!!!!
You kill the red very ugly thing!
You are covered in liquid flames!
* * * LOW HITPOINT WARNING * * *
Your Dodging skill increases to level 17!
Unknown command.
Unknown command.
A manticore comes into view.
You are covered in liquid flames!
You die...

▓.▓
▓.▓.▓.▓.▓
▓.▓H▓
▓.▓.▓.▓.▓
▓.▓O▓
▓.▓(▓.▓'▓
▓.▓p▓
▓.▓[▓.▓.▓
▓.▓V▓
▓.▓.▓.▓.▓
▓.▓O▓
▓.▓'▓.▓)▓
▓.▓C▓
▓.▓.▓.▓.▓
▓.▓C▓
▓.▓.▓.▓.▓
▓.▓@▓
▓.▓[▓.▓)▓
▓.▓'▓
▓.▓[▓.▓'▓
▓.▓.▓
▓.▓[▓.▓)▓
▓.▓.▓
▓.▓[▓.▓.▓
▓.▓.▓
▓.▓.▓.▓)▓
▓.▓.▓
▓.▓.▓.▓.▓
▓.▓.▓
▓.▓'▓.▓.▓
▓.▓.▓
▓.▓.▓.▓.▓
▓.▓.▓
▓.▓)▓.▓'▓


You could see a fire giant (paralysed), an ettin (paralysed), 2 ogre magi, a
vampire mage (paralysed), a manticore (wandering) and a necromancer (invisible,
paralysed).

Vanquished Creatures
  Gastronok (D)
  A very ugly thing (D)
  2 hydras (D)
  A two-headed ogre (D)
  A centaur warrior (D)
  5 death yaks (D)
  An unseen horror (D)
  An orc knight (D)
  A manticore (D)
  Psyche (D)
  An elephant (D)
  A black mamba (D)
  3 cane toads (D)
  A rime drake (D)
  2 komodo dragons (D)
  A meliai (D)
  A wyvern (D)
  2 basilisks (D)
  5 yaks (D)
  3 water moccasins (D)
  An ice beast (D)
  An orc warrior (D)
  A centaur (D)
  A bullfrog (D)
  2 scorpions (D)
  2 orc priests (D)
  3 orc wizards (D)
  A worker ant (D)
  An adder (D)
  A white imp (D)
  An ooze (D)
  An adder zombie (D)
  5 orcs (D)
  A giant cockroach (D)
  A goblin (D)
  A hobgoblin (D)
  A frilled lizard (D)
  A rat (D)
61 creatures vanquished.

Notes
Turn   | Place    | Note
-------+----------+-------------------------------------------
     0 | D        | Groucho the Felid Fighter began the quest for the Orb.
     0 | D        | Reached XP level 1. HP: 10/10 MP: 2/2
     5 | D        | Reached skill level 1 in Stealth
     9 | D        | Reached skill level 2 in Stealth
    10 | D        | Reached skill level 3 in Stealth
    15 | D        | Reached XP level 2. HP: 8/14 MP: 3/3
   246 | D        | Noticed a scorpion
   259 | D        | Killed a scorpion
   260 | D        | Reached skill level 5 in Dodging
   260 | D        | Reached skill level 6 in Stealth
   260 | D        | Reached skill level 5 in Unarmed Combat
   260 | D        | Reached XP level 3. HP: 18/18 MP: 4/4
   261 | D        | Reached XP level 4. HP: 22/22 MP: 5/5
   263 | D        | Reached skill level 7 in Stealth
   273 | D        | Found a roughly hewn altar of Beogh.
   273 | D        | Found a snail-covered altar of Cheibriados.
   273 | D        | Found a shadowy altar of Dithmenos.
   273 | D        | Found a white marble altar of Elyvilon.
   273 | D        | Found a blossoming altar of Fedhas.
   273 | D        | Found an opulent altar of Gozag.
   274 | D        | Found a hazy altar of Hepliaklqana.
   275 | D        | Found a viscous altar of Jiyva.
   276 | D        | Found an ancient bone altar of Kikubaaqudgha.
   277 | D        | Found a corrupted altar of Lugonu.
   547 | D        | Found a burning altar of Makhleb.
   548 | D        | Found a sparkling altar of Nemelex Xobeh.
   549 | D        | Found an iron altar of Okawaru.
   550 | D        | Found a stormy altar of Qazlal.
   551 | D        | Found a sacrificial altar of Ru.
   552 | D        | Found a shimmering blue altar of Sif Muna.
   553 | D        | Found a bloodstained altar of Trog.
   554 | D        | Found a hide-covered altar of Uskayaw.
   555 | D        | Found a radiant altar of Vehumet.
   556 | D        | Found an ornate altar of the Wu Jian Council.
   557 | D        | Found a shimmering altar of Xom.
   558 | D        | Found a basalt altar of Yredelemnul.
   559 | D        | Found a glowing silver altar of Zin.
   560 | D        | Found a glowing golden altar of the Shining One.
   586 | D        | Became a worshipper of Uskayaw the Reveller
   613 | D        | Noticed a centaur
   613 | D        | Noticed a water moccasin
   613 | D        | Noticed a bullfrog
   617 | D        | Reached * piety under Uskayaw
   618 | D        | Reached skill level 5 in Fighting
   618 | D        | Reached skill level 1 in Invocations
   619 | D        | Reached ** piety under Uskayaw
   621 | D        | Reached *** piety under Uskayaw
   622 | D        | Killed a centaur
   623 | D        | Reached skill level 8 in Stealth
   623 | D        | Reached XP level 5. HP: 27/27 MP: 5/8
   625 | D        | Killed a water moccasin
   625 | D        | Reached **** piety under Uskayaw
   626 | D        | Reached skill level 9 in Stealth
   626 | D        | Gained mutation: You are covered in thick fur. (AC +2)
                  | [Felid growth]
   626 | D        | Reached XP level 6. HP: 31/31 MP: 5/10
   628 | D        | Reached ***** piety under Uskayaw
   630 | D        | Reached skill level 10 in Stealth
   632 | D        | Noticed a two-headed ogre
   632 | D        | Noticed an ice beast
   632 | D        | Noticed a manticore
   632 | D        | Noticed an unseen horror
   632 | D        | Noticed a meliai
   632 | D        | Noticed a centaur warrior
   637 | D        | Killed a two-headed ogre
   638 | D        | Reached skill level 10 in Dodging
   638 | D        | Reached skill level 11 in Stealth
   638 | D        | Reached XP level 7. HP: 37/37 MP: 6/13
   638 | D        | Reached XP level 8. HP: 41/41 MP: 6/14
   639 | D        | Reached ****** piety under Uskayaw
   640 | D        | Reached skill level 12 in Stealth
   641 | D        | Killed a manticore
   648 | D        | Killed an unseen horror
   649 | D        | Reached skill level 13 in Stealth
   649 | D        | Reached skill level 10 in Unarmed Combat
   649 | D        | Reached XP level 9. HP: 38/46 MP: 7/16
   655 | D        | Killed a meliai
   664 | D        | Mangled by a centaur warrior
   665 | D        | Reached XP level 8. HP: -8/43 MP: 8/15
   678 | D        | Noticed a death yak
   680 | D        | Noticed a death yak
   682 | D        | Noticed a death yak
   686 | D        | Noticed a death yak
   689 | D        | Reached skill level 10 in Fighting
   697 | D        | Killed a death yak
   698 | D        | Reached skill level 14 in Stealth
   700 | D        | Killed a death yak
   701 | D        | Reached XP level 9. HP: 32/47 MP: 8/17
   715 | D        | Killed a death yak
   716 | D        | Reached skill level 15 in Stealth
   716 | D        | Reached skill level 10 in Invocations
   721 | D        | Killed a death yak
  1212 | D        | Noticed a black mamba
  1212 | D        | Noticed a death yak
  1212 | D        | Noticed a cane toad
  1213 | D        | Noticed a komodo dragon
  1218 | D        | Killed a cane toad
  1219 | D        | Reached XP level 10. HP: 52/52 MP: 18/18
  1219 | D        | Killed a death yak
  1224 | D        | Reached skill level 16 in Stealth
  1225 | D        | Killed a black mamba
  1226 | D        | Reached skill level 15 in Dodging
  1731 | D        | Noticed a seven-headed hydra
  1731 | D        | Noticed a seven-headed hydra
  1731 | D        | Noticed an elephant
  1733 | D        | Killed an elephant
  1736 | D        | Noticed a cane toad
  1739 | D        | Killed a seven-headed hydra
  1741 | D        | Noticed a cane toad
  1741 | D        | Slain by a seven-headed hydra
  1742 | D        | Reached XP level 9. HP: -3/49 MP: 18/18
  1828 | D        | Killed a centaur warrior
  1829 | D        | Reached skill level 17 in Stealth
  1829 | D        | Reached XP level 10. HP: 54/54 MP: 19/19
  2045 | D        | Killed a cane toad
  2047 | D        | Killed a cane toad
  2666 | D        | Noticed Psyche
  2674 | D        | Killed Psyche
  2709 | D        | Killed a seven-headed hydra
  3165 | D        | Noticed Gastronok
  3181 | D        | Killed Gastronok
  3182 | D        | Reached skill level 18 in Stealth
  3182 | D        | Reached XP level 11. HP: 58/58 MP: 21/21
  3351 | D        | Noticed an orc knight
  3361 | D        | Noticed an orc knight
  3361 | D        | HP: 1/58 [orc warrior/+0 battleaxe (23)]
  3369 | D        | Killed an orc knight
  3369 | D        | Killed from afar by an orc priest
  3370 | D        | Reached XP level 10. HP: 0/55 MP: 14/20
  3409 | D        | Noticed a naga warrior
  3409 | D        | Noticed a shock serpent
  3409 | D        | Noticed a black mamba
  3409 | D        | Noticed a black mamba
  3409 | D        | Noticed a salamander mystic
  3504 | D        | Noticed a necromancer
  3504 | D        | Noticed a vampire mage
  3504 | D        | Noticed an ogre mage
  3504 | D        | Noticed a fire giant
  3504 | D        | Noticed a red very ugly thing
  3504 | D        | Noticed an ettin
  3505 | D        | Noticed an ogre mage
  3511 | D        | Killed a red very ugly thing
  3511 | D        | HP: 2/55 [burnt (4)]
  3512 | D        | Noticed a manticore
  3512 | D        | Incinerated by a red very ugly thing

Illustrated notes

Levels and vault maps discovered:
D:        linesprint [early_d, line_temple, items_1, d_10, items_2, lair_1,
          lair_end, items_3, orc_1, orc_end, items_4, d_15, swamp_1, shoals_1,
          snake_1, spider_1, d_20, vaults_1, items_5, swamp_end, shoals_end,
          snake_end, spider_end, vaults_end, d_27, items_6, zot_1, zot_end,
          crypt_end, forest_end, elf_end, slime_end, tomb_end, abyss_end,
          pan_hell_end]

Skill      XL: |  1  2  3  4  5  6  7  8  9 10 |
---------------+-------------------------------+-----
Stealth        | 3 6 8 9 11 14 17 18 | 18.4
Fighting       | 4 5 6 8 10 11 13 | 13.6
Dodging        | 5 6 7 8 10 13 14 17 | 17.1
Unarmed Combat | 5 6 7 8 11 13 | 13.9
Invocations    | 3 4 6 9 10 12 | 12.9

Action                   |  1- 3 |  4- 6 |  7- 9 | 10-12 || total
-------------------------+-------+-------+-------+-------++-------
Melee: Unarmed           |    22 |    18 |    63 |   100 ||   203
       Punch             |     1 |       |     8 |     9 ||    18
       Bite              |     2 |     1 |    12 |    15 ||    30
Invok: Line Pass         |       |       |     4 |     4 ||     8
  Use: Potion            |     1 |     2 |     1 |     5 ||     9
 Stab: Sleeping          |     1 |     3 |     1 |     1 ||     6
       Paralysed         |       |     1 |     1 |     9 ||    11
       Invisible         |       |     2 |     1 |       ||     3
       Confused          |       |       |     2 |     3 ||     5
       Distracted        |       |       |       |     2 ||     2
Armor: Skin              |       |       |     2 |     1 ||     3
Dodge: Dodged            |    12 |     7 |    48 |   118 ||   185
